 Dungeon Crawl Stone Soup version 0.25-a0-545-ge4db218afc (webtiles) character file.

Game seed: 4582186426950390886, levelgen mode: deterministic

260 Danqa the Chopper (level 5, -6/48 HPs)
             Began as a Minotaur Monk on Feb 21, 2020.
             Killed by nerve-wracking pain
             ... invoked by Grinder
              (11 damage)
             ... on level 3 of the Dungeon.
             The game lasted 00:02:46 (1823 turns).

Danqa the Chopper (Minotaur Monk)                   Turns: 1823, Time: 00:02:46

Health: -6/48      AC:  6    Str: 16    XL:     5   Next: 95%
Magic:  4/4        EV: 12    Int:  7    God:
Gold:   151        SH:  2    Dex: 13    Spells: 4/4 levels left

rFire    . . .     SeeInvis .   a - +0 hand axe
rCold    . . .     Gourm    .   (no shield)
rNeg     . . .     Faith    .   j - +0 ring mail
rPois    .         Spirit   .   (helmet restricted)
rElec    .         Reflect  +   n - +0 cloak
rCorr    .         Harm     .   (no gloves)
MR       .....                  (no boots)
Stlth    +.........             k - +2 amulet of reflection
HPRegen  0.16/turn              (no ring)
MPRegen  0.09/turn              (no ring)

@: no status effects
A: retaliatory headbutt, horns 2
a: no special abilities


You were on level 3 of the Dungeon.
You were hungry.

You visited 1 branch of the dungeon, and saw 3 of its levels.

You collected 151 gold pieces.

Inventory:

Hand Weapons
 a - a +0 hand axe (weapon)
Armour
 b - a +0 robe
 e - a +0 chain mail
 j - a +0 ring mail (worn)
 n - a +0 cloak (worn)
Jewellery
 k - a +2 amulet of reflection (around neck)
Scrolls
 d - 3 scrolls of enchant weapon {unknown}
 h - 2 scrolls of identify {unknown}
 i - 4 scrolls of teleportation {unknown}
 m - 3 scrolls of amnesia {unknown}
 o - a scroll of magic mapping {unknown}
 p - 2 scrolls of remove curse {unknown}
 r - a scroll of random uselessness {unknown}
Potions
 f - a potion of stabbing {unknown}
 g - a potion of curing {unknown}
 l - 2 potions of resistance {unknown}
 q - a potion of flight {unknown}
Comestibles
 c - 4 rations


   Skills:
 + Level 5.1 Fighting
 + Level 5.7 Axes
 + Level 2.7 Armour
 + Level 4.3 Dodging
 - Level 1.5 Stealth


You had 4 spell levels left.
You didn't know any spells.
Your spell library was empty.

Dungeon Overview and Level Annotations

Branches:
Dungeon (3/15)

Altars:

Annotations:
D:3 Grinder


Innate Abilities, Weirdness & Mutations

You reflexively headbutt those who attack you in melee.
You have a pair of horns on your head.


Message History

You barely miss Grinder. Your headbutt misses Grinder.
Grinder is heavily wounded.
Grinder says, "I used to sell toenails on the black market."
Grinder hits you.
You closely miss Grinder.
Grinder is heavily wounded.
Grinder hits you!
You writhe in agony.
* * * LOW HITPOINT WARNING * * *
You hit Grinder.
Grinder is heavily wounded.
Grinder barely misses you.
You hit Grinder. You headbutt Grinder.
Grinder is severely wounded.
Grinder hits you.
* * * LOW HITPOINT WARNING * * *
You writhe in agony.
* * * LOW HITPOINT WARNING * * *
Grinder gestures at you. Pain shoots through your body!
You die...

##.......#.# .#
#...†####.####.## ..
.##.#).####.......## .#
.......>)....##...[##.## ##
####...)).......##.....##...
#.>#(.....##.##....[.<...
##........##..†..........
............###..........
#.##.......#.(@.5..(......
#.. #.......######........?
#. #.####### ##...##... #.
#.### # # ..# .## #


You could see Grinder.

Vanquished Creatures
  Sigmund (D:2)
  5 adders
  A worm (D:2)
  2 dart slugs (D:1)
  A leopard gecko (D:2)
  3 orcs (D:3)
  5 goblins
  5 hobgoblins
  4 jackals (D:3)
  2 ball pythons
  7 bats
  3 frilled lizards
  3 kobolds
  7 rats
49 creatures vanquished.

Notes
Turn   | Place    | Note
-------+----------+-------------------------------------------
     0 | D:1      | Danqa the Minotaur Monk began the quest for the Orb.
     0 | D:1      | Reached XP level 1. HP: 19/19 MP: 0/0
   198 | D:1      | Reached XP level 2. HP: 21/27 MP: 1/1
   916 | D:2      | Reached XP level 3. HP: 30/33 MP: 2/2
  1018 | D:2      | Noticed Sigmund
  1035 | D:2      | Killed Sigmund
  1035 | D:2      | Reached skill level 5 in Axes
  1035 | D:2      | Reached XP level 4. HP: 16/41 MP: 3/3
  1035 | D:2      | Reached XP level 5. HP: 18/47 MP: 4/4
  1110 | D:2      | Reached skill level 5 in Fighting
  1798 | D:3      | Noticed Grinder
  1806 | D:3      | Paralysed by Grinder for 2 turns
  1823 | D:3      | Killed from afar by Grinder

Levels and vault maps discovered:
D:1:      evilmike_arrival_rings, layout_basic
D:2:      layout_loops_ring, first_ration, uniq_sigmund
D:3:      layout_rooms, uniq_grinder

Skill      XL: |  1  2  3  4  5 |
---------------+----------------+-----
Axes           | 4 5 |  5.7
Fighting       | 4 5 |  5.1
Armour         | 2 |  2.7
Dodging        | 4 |  4.3
Stealth        | |  1.5

Action                   |  1- 3 |  4- 6 || total
-------------------------+-------+-------++-------
Melee: Hand axe          |    65 |    68 ||   133
       Headbutt          |     8 |     8 ||    16
 Stab: Sleeping          |     1 |     1 ||     2
  Eat: Chunk             |       |     2 ||     2
Armor: Chain mail        |     9 |       ||     9
       Ring mail         |     7 |    14 ||    21
Dodge: Dodged            |    33 |    37 ||    70
Block: Other             |       |     3 ||     3

Table legend:
 A = Non-vault XP
 B = Vault XP
 C = Vault XP percentage of total XP
 D = Non-vault monster count
 E = Vault monster count
 F = Vault count percentage of total count
                 A         B        C        D         E       F
            +---------+---------+-------+---------+---------+-------
      Total |     145 |     227 |  61.0 |      48 |       1 |   2.0
            +---------+---------+-------+---------+---------+-------
        D:1 |      31 |       0 |   0.0 |      18 |       0 |   0.0
        D:2 |      81 |     227 |  73.7 |      20 |       1 |   4.8
        D:3 |      33 |       0 |   0.0 |      10 |       0 |   0.0
            +---------+---------+-------+---------+---------+-------
